 Dungeon Crawl Stone Soup version 0.31-a0-750-gfe7b580527 (webtiles) character file.

Game seed: 8390739515902923887

91 thriggle the Chiller (level 4, 0/33 HPs)
             Began as a Barachi Ice Elementalist on Sept 15, 2023.
             Was a Believer of Vehumet.
             Slain by a guardian serpent (shapeshifter) (8 damage)
             ... on level 3 of the Dungeon.
             The game lasted 00:12:49 (1954 turns).

thriggle the Chiller (Barachi Ice Elementalist)     Turns: 1954, Time: 00:12:50

Health: 0/33       AC:  5    Str:  9    XL:     4   Next: 59%
Magic:  2/8        EV: 12    Int: 17    God:    Vehumet [**....]
Gold:   59         SH:  0    Dex: 13    Spells: 1/8 levels left

rFire   . . .        o - +2 quarterstaff (chaos)
rCold   . . .        (shield currently unavailable)
rNeg    . . .        a - +0 robe
rPois   .            (no helmet)
rElec   .            b - +2 cloak {Will+}
rCorr   .            (no gloves)
SInv    .            (no boots)
Will    ++...        (no amulet)
Stlth   ++           j - ring of willpower
HPRegen 0.25/turn    (no ring)
MPRegen 0.11/turn

%: no passive effects
@: brilliant, slow
A: amphibious, slowness 1, strong legs 1, +LOS
a: Hop, Renounce Religion


You were on level 3 of the Dungeon.
You worshipped Vehumet.
Vehumet was pleased with you.
You visited 1 branch of the dungeon, and saw 3 of its levels.

You collected 59 gold pieces.

Inventory:

Hand Weapons
 c - a +0 spear
 o - a +2 quarterstaff of chaos (weapon)
Missiles
 h - 14 stones
Armour
 a - a +0 robe (worn)
 b - a +2 cloak of willpower (worn)
Jewellery
 j - a ring of willpower (left hand)
Scrolls
 e - a scroll of revelation
 i - a scroll of identify {unknown}
 l - a scroll of enchant weapon {unknown}
 m - a scroll of blinking {unknown}
 n - a scroll of brand weapon {unknown}
Potions
 g - a potion of brilliance


   Skills:
 + Level 2.0 Fighting
 + Level 0.1 Staves
 + Level 2.9 Dodging
 + Level 2.4 Stealth
 + Level 2.8 Spellcasting
 + Level 0.5 Conjurations
 + Level 5.3 Ice Magic


You had one spell level left.
You knew the following spells:

 Your Spells              Type           Power      Damage    Failure   Level
a - Freeze                Ice            100%       1d10      1%          1
b - Frozen Ramparts       Ice            60%        1d10      6%          3
c - Ozocubu's Armour      Ice            30%        N/A       6%          3

Your spell library contained the following spells:

 Spells                   Type           Power      Damage    Failure   Level
 Shock                    Conj/Air       16%        1d4       16%         1
 Summon Guardian Golem    Hex/Summ       3%         N/A       47%         3
 Summon Ice Beast         Ice/Summ       17%        N/A       52%         4
 Orb of Destruction       Conj           3%         9d5       100%        7
 Spellforged Servitor     Conj/Summ      2%         N/A       100%        7


Dungeon Overview and Level Annotations

Branches:
Dungeon (3/15)

Altars:
Cheibriados
Vehumet

Shops:
D:1 !   D:2 *


Innate Abilities, Weirdness & Mutations

You are amphibious.
You cover ground slowly.
You can hop short distances.
You have an extended range of vision and can be seen from far away.


Message History

The orc hits you with a +0 falchion.
* * * LOW HITPOINT WARNING * * *
The endoplasm closely misses you.
It was a potion of brilliance.
You feel clever all of a sudden. The orc barely misses you.
The endoplasm barely misses you.
It was a potion of heal wounds.
You feel much better. The orc barely misses you.
The endoplasm closely misses you.
You hit the orc. You freeze the orc.
The orc is moderately wounded.
You are ready to hop once more.
The orc closely misses you. The endoplasm freezes you.
You are frozen.
You closely miss the orc.
The orc is moderately wounded.
The orc hits you but does no damage. The endoplasm freezes you.
You are frozen.
The komodo dragon hisses menacingly.
The orc closely misses you. The endoplasm freezes you.
You are frozen.
The orc closely misses you.
Casting: Freeze (safe; 1% risk of failure)
Confirm with . or Enter, or press ? or * to list all spells.
Okay, then.
The komodo dragon changes into a guardian serpent!
The endoplasm attacks as it pursues you!
The endoplasm hits you but does no damage.
The orc completely misses you. The bat barely misses you.
You barely miss the bat. The bat closely misses you.
The orc closely misses you. The endoplasm barely misses you.
The orc hits you but does no damage. The bat hits you but does no damage.
The bat barely misses you. The bat closely misses you.
The guardian serpent hits you!
* * * LOW HITPOINT WARNING * * *
The guardian serpent hits you!
You die...

..##.,,**,,,,*,,*...,********,**
8....8.<##,,,**##...****,,,,,,*
..##...###*,,,,....,,,,,,******
..######....,,,....,,,,***
.#..##..#J.#***#..,,,,,*
.#...#.....# #..,,,,,*******
##.8.#.....# #.#,,,,,...,,,***
##...##....### #.#*###....,,,,,*
b##>###......###@##........,,,,*
K.###........#oSJ...##.....,,***
...##....o......b.........#******
..###<.............#.......,,,,,*
#........o...†)............,,****
########$..................***
########...................*
......)....................*
....####...................*


You could see a guardian serpent shaped shifter, 2 orcs, an endoplasm and a bat.

Vanquished Creatures
  Crazy Yiuf (D:2)
  A worm (D:2)
  An orc (D:3)
  7 bats
  4 endoplasms
  5 giant cockroaches
  7 hobgoblins
  4 jackals (D:1)
  5 ball pythons
  6 goblins
  6 kobolds
  6 rats
53 creatures vanquished.

Notes
Turn   | Place    | Note
-------+----------+-------------------------------------------
     0 | D:1      | thriggle the Barachi Ice Elementalist began the quest for
                  | the Orb.
     0 | D:1      | Reached XP level 1. HP: 13/13 MP: 3/3
   141 | D:1      | Found Ujulaase's Distillery.
   183 | D:1      | Reached XP level 2. HP: 11/20 MP: 0/5
   284 | D:1      | Reached skill level 5 in Ice Magic
   421 | D:1      | Reached skill level 1 in Fighting
   456 | D:1      | Found a faded altar of an unknown god.
   459 | D:1      | Prayed at the altar of an unknown god.
   459 | D:1      | Became a worshipper of Vehumet
   459 | D:1      | Reached * piety under Vehumet
   459 | D:1      | Offered knowledge of Sandblast by Vehumet.
   517 | D:1      | Reached XP level 3. HP: 24/26 MP: 3/6
   521 | D:1      | Learned a level 3 spell: Frozen Ramparts
  1055 | D:2      | Found a snail-covered altar of Cheibriados.
  1228 | D:2      | Learned a level 3 spell: Ozocubu's Armour
  1277 | D:2      | Found Huatiah's General Store.
  1356 | D:2      | Reached ** piety under Vehumet
  1483 | D:2      | Found a runed translucent door.
  1484 | D:2      | Noticed Crazy Yiuf
  1493 | D:2      | Killed Crazy Yiuf
  1493 | D:2      | Offered knowledge of Shock by Vehumet.
  1494 | D:2      | Reached XP level 4. HP: 20/33 MP: 6/8
  1922 | D:3      | an orc changed into a shapeshifter
  1922 | D:3      | Noticed a shapeshifter (shapeshifter)
  1922 | D:3      | a shapeshifter changed into a queen bee
  1922 | D:3      | Noticed a queen bee (shapeshifter)
  1943 | D:3      | Noticed a komodo dragon
  1949 | D:3      | a komodo dragon changed into a guardian serpent
  1949 | D:3      | Noticed a guardian serpent (shapeshifter)
  1954 | D:3      | Slain by a guardian serpent (shapeshifter)

Illustrated notes

Levels and vault maps discovered:
D:1:      elethiomel_arrival_quiet, layout_loops_ring, serial_shops, shop,
          shapermc_ecumenical_altar_mp_ritualfount, minmay_misc_feat_room,
          minmay_misc_feat_diagonals
D:2:      layout_basic, basic_altar, serial_shops, shop_fountains, st_stairs_9,
          uniq_crazy_yiuf_cottage
D:3:      layout_rooms, nicolae_elyvilon_peaceful_grove, lemuel_tele_altar,
          grunt_ministairs_4, corexii_shack, minmay_goblin_outpost, uniq_grinder

Skill      XL: |  1  2  3 |
---------------+----------+-----
Stealth        | 2 |  2.4
Ice Magic      | 5 |  5.3
Fighting       | 1 2 |  2.0
Staves         | |  0.1
Dodging        | |  2.9
Spellcasting   | |  2.8
Conjurations   | |  0.5

Action                     |  1- 3 |  4- 6 || total
---------------------------+-------+-------++-------
  Melee: Spear             |    66 |       ||    66
         Punch             |     1 |       ||     1
         Quarterstaff      |       |    22 ||    22
   Cast: Freeze            |    38 |     4 ||    42
         Frozen Ramparts   |     5 |       ||     5
         Ozocubu's Armour  |     1 |     2 ||     3
Ability: Hop               |       |     1 ||     1
    Use: Potion            |     2 |     3 ||     5
         Scroll            |       |     2 ||     2
   Stab: Sleeping          |     3 |     1 ||     4
 Armour: Robe              |    42 |    37 ||    79
  Dodge: Dodged            |    48 |    56 ||   104

Table legend: (Time is in decaauts)
 A = Elapsed time spent in this place.
 B = Non-inter-level travel time spent in this place.
 C = Inter-level travel time spent in this place.
 D = Time resting spent in this place.
 E = Time spent auto-exploring this place.
 F = Levels seen in this place.
 G = Mean time per level.
                   A        B        C        D        E       F      G
               +--------+--------+--------+--------+--------+-----+--------+
         Total |   2255 |   2167 |     88 |    112 |   1361 |   3 |  751.7 |
       Dungeon |   2255 |   2167 |     88 |    112 |   1361 |   3 |  751.7 |
               +--------+--------+--------+--------+--------+-----+--------+

Top non-repeatable levels by time:
     D:1: 1089 daAuts
     D:2: 1080 daAuts
     D:3: 85 daAuts
